 Dungeon Crawl Stone Soup version 0.28.0-56-g4927b6849a (webtiles) character file.

Game seed: 8628864964078815976

2111 Atelerd the Geomancer (level 9, 0/51 HPs)
             Began as an Octopode Earth Elementalist on Jan 25, 2023.
             Was a Follower of Sif Muna.
             Shot with an arrow by a centaur (9 damage)
             ... on level 7 of the Dungeon.
             The game lasted 00:09:15 (9757 turns).

Atelerd the Geomancer (Octopode Earth Elementalist) Turns: 9757, Time: 00:09:15

Health: 0/51       AC:  1    Str:  8    XL:     9   Next: 28%
Magic:  11/19      EV: 13    Int: 27    God:    Sif Muna [*.....]
Gold:   401        SH:  0    Dex: 12    Spells: 16/21 levels left

rFire   . . .      SeeInvis .   f - +2 dagger (venom)
rCold   . . .      Faith    .   (no shield)
rNeg    . . .      Spirit   .   (helmet restricted)
rPois   +          Reflect  .   u - amulet of regeneration
rElec   .          Harm     .   o - +6 ring of intelligence
rCorr   .          Rampage  .   n - ring of poison resistance
Will    .....                   (no ring)
Stlth   ++++......              (no ring)
HPRegen 0.97/turn               (no ring)
MPRegen 0.16/turn               (no ring)
                                (no ring)
                                (no ring)

@: no status effects
A: almost no armour, amphibious, 8 rings, camouflage 1, gelatinous body 1,
(nimble swimmer 1), tentacles
a: Renounce Religion, Channel Magic


You were on level 7 of the Dungeon.
You worshipped Sif Muna.
Sif Muna was aware of your devotion.
You visited 2 branches of the dungeon, and saw 8 of its levels.

You collected 401 gold pieces.

Inventory:

Hand Weapons
 d - a +1 dagger of draining
 f - a +2 dagger of venom (weapon)
 v - a +2 short sword of freezing
 y - a +4 short sword
Missiles
 b - 103 stones
Jewellery
 n - a ring of poison resistance (right tentacle)
 o - a +6 ring of intelligence (left tentacle)
 u - an amulet of regeneration (around mantle)
 x - a ring of ice
Wands
 m - a wand of flame (5)
 z - a wand of charming (5)
Scrolls
 a - a scroll of identify
 e - 2 scrolls of teleportation {unknown}
 i - a scroll of magic mapping
 k - a scroll of blinking {unknown}
 r - a scroll of noise {unknown}
 t - a scroll of torment {unknown}
Potions
 c - a potion of attraction
 g - 2 potions of mutation {unknown}
 h - 2 potions of flight
 j - a potion of invisibility {unknown}
 p - 2 potions of brilliance {unknown}
 q - a potion of cancellation {unknown}
 s - a potion of lignification {unknown}
 w - a potion of might {unknown}


   Skills:
 - Level 2.0 Short Blades
 - Level 2.0 Dodging
 - Level 5.0 Stealth
 + Level 6.7 Spellcasting
 - Level 5.0 Transmutations
 - Level 8.0 Earth Magic


You had 16 spell levels left.
You knew the following spells:

 Your Spells              Type           Power      Damage    Failure   Level
a - Sandblast             Erth           100%       2d20      1%          1
p - Petrify               Tmut/Erth      44%        N/A       4%          4

Your spell library contained the following spells:

 Spells                   Type           Power      Damage    Failure   Level
 Passwall                 Tmut/Erth      36%        N/A       1%          2
 Stone Arrow              Conj/Erth      60%        3d10      3%          3


Dungeon Overview and Level Annotations

Branches:
Dungeon (7/15)             Temple (1/1) D:5

Altars:
Ashenzari
Cheibriados
Dithmenos
Elyvilon
Fedhas
Hepliaklqana
Kikubaaqudgha
Makhleb
Nemelex Xobeh
Okawaru
Qazlal
Ru
Sif Muna
Trog
Uskayaw
Vehumet
Wu Jian
Xom
Yredelemnul
Zin
The Shining One

Shops:
D:3 (   D:6 *

Annotations:
D:2 exclusion: 3 downstairs
D:4 2 transporters
D:5 exclusion: 2 downstairs
D:6 2 transporters, exclusion: downstairs, peterlawrence's ghost, novice MiFi
D:7 Maggie


Innate Abilities, Weirdness & Mutations

You cannot wear most types of armour.
You are amphibious.
You can wear up to eight rings at the same time.
Your skin changes colour to match your surroundings (Stealth+).
Your rubbery body absorbs attacks. (AC +1, EV +1)
((You are camouflaged when in or above water. (Stealth+)))
You have tentacles for arms and can constrict up to eight enemies at once.


Message History

There is an escape hatch in the ceiling here.
The centaur shoots an arrow.
The arrow hits you! A mysterious force pulls you upwards.
The hatch slams shut behind you.
Level annotation: 2 transporters, exclusion: downstairs, peterlawrence's ghost, novice MiFi You start resting.
HP restored.
You start waiting.
Done waiting.
(D) Dungeon (T) Temple
Where to? (Enter - D:7, ? - help)
What level of the Dungeon? (default 1, ? - help)
There is a stone staircase leading down here.
You climb downwards.
Level annotation: Maggie
There is a stone staircase leading up here.
Found a leather armour.
The centaur shoots an arrow.
The arrow closely misses you.
The centaur shoots an arrow.
The arrow hits you!
Casting: Sandblast (safe; 1% risk of failure)
Confirm with . or Enter, or press ? or * to list all spells.
Aiming: Petrify (dangerous; 4% risk of failure)
Press: ? - help, Shift-Dir - straight line, f - centaur
Aim: a centaur, wielding a +0 shortbow and quivering arrows (chance to affect: 68%)
The centaur struggles to resist.
The centaur shoots an arrow.
The arrow barely misses you.
Unknown command.
Casting: Petrify (dangerous; 4% risk of failure)
Confirm with . or Enter, or press ? or * to list all spells.
Aiming: Petrify (dangerous; 4% risk of failure)
Press: ? - help, Shift-Dir - straight line, f/p - centaur
Aim: a centaur, wielding a +0 shortbow and quivering arrows (chance to affect: 68%)
The centaur is moving more slowly.
The centaur shoots an arrow.
The arrow hits you!
The centaur shoots an arrow.
The arrow hits you!
Unknown command.
You are too injured to fight recklessly!
The centaur shoots an arrow.
The arrow hits you.
The centaur shoots an arrow.
The arrow hits you!
* * * LOW HITPOINT WARNING * * *
The centaur shoots an arrow.
The arrow hits you!
You die...

........##....##....
....##........c....#
###.##.............#
.##..#............[#
...................#
.........####......#
#).......####......#
#........##.......#
......#+###.....@.#####
........# #...........#
........###...........#
.......>..#...#.......#
.......##.#...#.#.....#
.......##.......#....##
.....###########.....#
..... #.....### ...[.
#.....#.#


You could see a centaur (petrifying).

Vanquished Creatures
  2 centaur zombies
  4 ogres
  A phantom (D:6)
  A kobold brigand (D:7)
  5 scorpions
  A wyvern skeleton (D:7)
  A water moccasin skeleton (D:4)
  5 wights
  A howler monkey (D:6)
  A jelly (D:6)
  A bullfrog skeleton (D:6)
  3 hounds
  Ijyb (D:5)
  A centaur skeleton (D:5)
  An iguana (D:6)
  3 orc wizards
  Robin (D:3)
  15 gnolls
  6 adders
  A white imp (D:6)
  An ufetubus (D:6)
  An adder skeleton (D:4)
  3 dart slugs
  15 orcs
  12 ball pythons
  6 bats
  9 endoplasms
  A giant cockroach (D:1)
  12 goblins
  17 hobgoblins
  5 jackals
  10 kobolds
  4 quokkas
  10 frilled lizards
  3 rats
164 creatures vanquished.

Vanquished Creatures (others)
  4 plants (D:5)
4 creatures vanquished.

Grand Total: 168 creatures vanquished

Notes
Turn   | Place    | Note
-------+----------+-------------------------------------------
     0 | D:1      | Atelerd the Octopode Earth Elementalist began the quest for
                  | the Orb.
     0 | D:1      | Reached XP level 1. HP: 11/11 MP: 3/3
   170 | D:2      | Reached XP level 2. HP: 17/17 MP: 3/5
   392 | D:2      | Reached XP level 3. HP: 21/21 MP: 3/6
   606 | D:2      | HP: 1/21 [hobgoblin (4)]
  1108 | D:3      | Noticed Robin
  1548 | D:1      | Reached XP level 4. HP: 20/27 MP: 5/7
  2253 | D:1      | Found a faded altar of an unknown god.
  3000 | D:3      | Reached skill level 4 in Earth Magic
  3000 | D:3      | Reached XP level 5. HP: 31/31 MP: 5/9
  3076 | D:3      | Learned a level 4 spell: Petrify
  3929 | D:3      | Killed Robin
  3930 | D:3      | Reached XP level 6. HP: 19/36 MP: 5/10
  4616 | D:3      | Found Tuolusy's Weapon Shop.
  5313 | D:5      | Entered Level 5 of the Dungeon
  5378 | D:5      | Noticed Ijyb
  5395 | D:5      | Killed Ijyb
  5747 | D:5      | Reached XP level 7. HP: 39/41 MP: 4/12
  5902 | D:5      | Found a staircase to the Ecumenical Temple.
  5914 | D:5      | Reached skill level 1 in Short Blades
  6113 | Temple   | Entered the Ecumenical Temple
  6298 | Temple   | Became a worshipper of Sif Muna the Loreminder
  6395 | D:5      | Reached skill level 5 in Earth Magic
  7275 | D:5      | Reached skill level 5 in Transmutations
  7487 | D:4      | Found a transporter.
  7498 | D:4      | Reached skill level 5 in Stealth
  7590 | D:4      | Reached XP level 8. HP: 46/46 MP: 9/14
  7873 | D:4      | Found a transporter.
  7875 | D:4      | Reached skill level 6 in Earth Magic
  8451 | D:6      | Reached skill level 5 in Spellcasting
  8451 | D:6      | Reached skill level 7 in Earth Magic
  8527 | D:6      | Noticed peterlawrence's ghost (novice MiFi)
  8681 | D:6      | Reached * piety under Sif Muna
  8682 | D:6      | Reached XP level 9. HP: 48/50 MP: 9/17
  8795 | D:6      | Reached skill level 8 in Earth Magic
  8839 | D:6      | Found Ydinag's Fire Supplies.
  8903 | D:6      | Noticed a hornet
  8906 | D:6      | Found a transporter.
  8911 | D:6      | Found a transporter.
  8921 | D:6      | Found a glowing silver altar of Zin.
  8931 | D:6      | Found a sparkling altar of Nemelex Xobeh.
  8935 | D:6      | Found a shadowy altar of Dithmenos.
  8937 | D:6      | Found an iron altar of Okawaru.
  8943 | D:6      | Found a stormy altar of Qazlal.
  9472 | D:7      | Noticed Maggie
  9757 | D:7      | Shot with an arrow by a centaur

Illustrated notes

Levels and vault maps discovered:
D:1:      dpeg_arrival_long_road, layout_basic,
          chequers_ecumenical_altar_twisty, minmay_small_reverse_x
D:2:      layout_basic, kennysheep_generic_room_13
D:3:      layout_loops_ring, serial_shops, shop, uniq_robin
D:4:      gammafunk_cloud_chamber, layout_cave_pools
D:5:      layout_loops_corners, minmay_temple_entry_overgrown,
          amethyst_killhole, uniq_ijyb
D:6:      layout_rooms, nicolae_overflow_hallway_of_the_gods,
          gammafunk_ghost_hive, nicolae_shop_fire_sale [nicolae_sub_dead_trees],
          minmay_misc_feat_tower
D:7:      layout_basic, serial_shops, shop, uniq_crazy_yiuf_cottage, uniq_maggie
Temple:   nicolae_temple_elliptical

Skill      XL: |  1  2  3  4  5  6  7  8  9 |
---------------+----------------------------+-----
Stealth        | 3 5 |  5.0
Transmutations | 2 3 4 5 |  5.0
Earth Magic    | 4 5 7 8 |  8.0
Spellcasting   | 3 4 5 6 |  6.7
Short Blades   | 2 |  2.0
Dodging        | |  2.0

Action                   |  1- 3 |  4- 6 |  7- 9 || total
-------------------------+-------+-------+-------++-------
Melee: Unarmed           |     3 |       |       ||     3
       Constrict         |     7 |    20 |    11 ||    38
       Tentacles         |     3 |    12 |    17 ||    32
       Punch             |     1 |     1 |     1 ||     3
       Dagger            |    17 |    67 |    37 ||   121
       Short sword       |       |       |    10 ||    10
 Cast: Sandblast         |    40 |    73 |    85 ||   198
       Petrify           |       |     5 |    15 ||    20
  Use: Potion            |       |       |     2 ||     2
       Scroll            |       |       |     4 ||     4
 Stab: Sleeping          |     1 |     8 |     5 ||    14
       Petrified         |       |    12 |    13 ||    25
       Petrifying        |       |       |     2 ||     2
Armor: Skin              |     2 |     5 |     2 ||     9
Dodge: Dodged            |    18 |    71 |    39 ||   128
